 Dungeon Crawl Stone Soup version 0.17.0-28-g6e173f8 (webtiles) character file.

64701 karlm the Bludgeoner (level 15, 0/98 HPs)
             Began as a Gargoyle Fighter on Nov 30, 2015.
             Was the Champion of Okawaru.
             Killed from afar by an ice statue (28 damage)
             ... with a freezing blast
             ... on level 13 of the Dungeon.
             The game lasted 01:10:18 (20888 turns).

karlm the Bludgeoner (Gargoyle Fighter)            Turns: 20888, Time: 01:10:19

Health: 0/98       AC: 27    Str: 23    XL:     15   Next: 13%
Magic:  15/15      EV: 10    Int: 10    God:    Okawaru [******]
Gold:   1297       SH: 13    Dex: 14    Spells: 0 memorised, 14 levels left

rFire  + . .     SeeInvis +     N - +2 eveningstar
rCold  . . .     Clarity  .     x - +3 ring mail "Myronk" {SInv}
rNeg   + . .     SustAt   .     c - +0 shield
rPois  ∞         Gourm    .     a - +0 helmet
rElec  +         Spirit   .     d - +1 cloak {MR+}
rCorr  .         Warding  .     K - +0 pair of gloves {Str+3}
rMut   .         Stasis   .     (no boots)
MR     ++...                    O - amulet of faith
Stlth  +.........               r - +3 ring of slaying
                                T - ring of protection from fire

@: flying, very resistant to hostile enchantments, very unstealthy
A: big wings, negative energy resistance 1, electricity resistance, unbreathing,
petrification resistance, rot immunity, AC +11
a: Stop Flying, Heroism, Finesse, Renounce Religion


You were on level 13 of the Dungeon.
You worshipped Okawaru.
Okawaru was exalted by your worship.
You were not hungry.

You visited 3 branches of the dungeon, and saw 22 of its levels.

You collected 1297 gold pieces.

Inventory:

Hand Weapons
 w - a +4 falchion of holy wrath
 J - the +2 flail of Desperation {crush, MP+9 Int+5}
   (You found it on level 5 of the Dungeon)

   It inflicts extra damage upon your enemies.
   It affects your intelligence (+5).
   It affects your magic capacity (+9).
 N - a +2 eveningstar (weapon)
Missiles
 s - 5 needles of sleeping
 t - 10 tomahawks (quivered)
 u - a throwing net
Armour
 a - a +0 helmet (worn)
 c - a +0 shield (worn)
 d - a +1 cloak of magic resistance (worn)
 x - the +3 ring mail "Myronk" (worn) {SInv}
   (You found it on level 12 of the Dungeon)

   It lets you see invisible.
 K - a +0 pair of gloves of strength (worn)
Jewellery
 g - a +2 ring of evasion
 n - an uncursed ring of protection from fire
 r - a +3 ring of slaying (right hand)
 v - a +4 ring of intelligence
 B - an uncursed ring of ice
 O - an amulet of faith (around neck)
 T - a ring of protection from fire (left hand)
Wands
 j - a wand of teleportation (5)
Scrolls
 b - a scroll of immolation
 h - 2 scrolls of blinking
 l - a scroll of magic mapping
 q - 10 scrolls of remove curse
 A - 3 scrolls of fear
 I - 6 scrolls of teleportation
 V - a scroll of fog
Potions
 f - a potion of ambrosia {unknown}
 i - 7 potions of curing
 m - 7 potions of heal wounds
 o - 4 potions of resistance
 p - 2 potions of haste
 z - 3 potions of cancellation {unknown}
 C - a potion of cure mutation {unknown}
 G - 2 potions of brilliance {unknown}
 H - 3 potions of lignification
 P - 2 potions of flight {unknown}
Comestibles
 e - 11 bread rations
 k - a chunk of flesh


   Skills:
 + Level 13.0 Fighting
 * Level 16.2 Maces & Flails
 + Level 12.8 Armour
 + Level 13.2 Shields


You had 14 spell levels left.
You didn't know any spells.

Dungeon Overview and Level Annotations

Branches:
Dungeon (13/15)            Temple (1/1) D:7            Lair (8/8) D:10
 Shoals (0/4) Lair:6       Spider (0/4) Lair:5        Slime (0/6) Lair:8
    Orc (0/4) D:11
 Vaults: D:13-14

Altars:
Ashenzari
Cheibriados
Dithmenos
Elyvilon
Fedhas
Gozag
Kikubaaqudgha
Makhleb
Nemelex Xobeh
Okawaru
Qazlal
Ru
Sif Muna
Trog
Vehumet
Xom
Yredelemnul
Zin
The Shining One

Shops:
D:9 }

Portals:
Ice
Cave: D:13

Annotations:
D:13 exclusion: ice statue
Lair:5 exclusion: oklob plant


Innate Abilities, Weirdness & Mutations

You are resistant to torment.
Your stone body is resilient (AC +11).
You are immune to poison.
Your large and strong wings let you fly indefinitely.
You resist negative energy.
You are resistant to electric shocks.
You can survive without breathing.
You are immune to petrification.
You are immune to rotting.


Message History

The ice statue throws cold at you. The bolt of cold hits you!
You hit the ice statue.
The ice statue is lightly damaged.
You hit the ice statue.
The ice statue is lightly damaged.
The ice statue throws cold at you. The bolt of cold hits you!
You impale the ice statue!!
The ice statue is heavily damaged.
The ice statue throws cold at you. The bolt of cold hits you!
* * * LOW HITPOINT WARNING * * *
You hit the ice statue but do no damage.
The ice statue is heavily damaged.
You bludgeon the ice statue!!
The ice statue is almost destroyed.
The ice statue throws cold at you. The freezing blast engulfs you!
You die...

* ***,,,,* ***,**********
****+**** *,,* *,**,,,,* **,*
*******,* *,********
##**,#####+# **,,,,,,,*
#.####.....########*,,,,,,,*
***#..........#......#*,,,,,,,*
,,,#..........#......#*,,,,,,,*
**,+..........'.@8.∩.#*,,,,,,,*
**#..........#......#*,,,,,,,*
#..........#......#*,,,,,,,*
#####'#############*********
#.##### **** #...÷.### *,,***
#####...# **,,,* * *#######'##
####+####### * *.$.......#
#..........#


You could see an ice statue.

Vanquished Creatures
  Rupert (D:13)
  Gastronok (Lair:2)
  Maud (Lair:7)
  A fire dragon (Lair:8)
  6 hydras
  2 catoblepae
  The ghost of septik the Basher, a journeyman GrFi of Okawaru (Lair:1)
  2 death yaks (Lair:5)
  2 hill giants
  A wolf spider (Lair:3)
  An ugly thing (D:11)
  A griffon (Lair:5)
  A cyclops (D:11)
  A manticore (D:12)
  A centaur zombie (D:12)
  4 black mambas
  11 elephants
  A kobold demonologist (D:12)
  15 spiny frogs
  9 fire drakes
  11 komodo dragons
  Grinder (D:5)
  Prince Ribbit (D:6)
  17 blink frogs
  2 two-headed ogres
  Sigmund (D:3)
  The ghost of lorenzova the Destroyer, an amateur DECj (D:4)
  56 yaks
  5 wyverns (Lair:5)
  A wraith (D:10)
  A human (D:7)
  7 basilisks
  18 hippogriffs
  2 steam dragons (Lair:8)
  Menkaure (D:5)
  2 hungry ghosts
  3 vampire mosquitoes (D:13)
  12 water moccasins
  13 porcupines
  Duvessa (D:5)
  23 wolves
  2 hell hounds (Lair:5)
  An ice beast (D:7)
  4 swamp drakes (Lair:8)
  5 sky beasts
  An eye of draining (D:11)
  6 orc warriors
  8 spiders (Lair:5)
  2 black bears
  A necrophage (D:8)
  2 ogres
  4 phantoms
  15 crocodiles
  4 centaurs
  3 big kobolds
  A brain worm (D:12)
  17 giant frogs
  5 scorpions
  A wyvern skeleton (D:10)
  Dowan (D:5)
  10 killer bees
  4 electric eels
  3 crimson imps
  3 centaur skeletons
  10 iguanas
  18 orc wizards
  A giant frog zombie (D:9)
  11 hounds
  Crazy Yiuf (D:3)
  9 orc priests
  2 quasits
  Ijyb (D:3)
  5 jellies
  A giant frog skeleton (D:11)
  Terence (D:2)
  Natasha (thrice) (D:4 D:6)
  12 worker ants
  4 hell rats
  19 sheep
  A killer bee zombie (D:9)
  2 hound skeletons
  10 gnolls
  35 river rats
  27 adders
  2 shadow imps
  2 oozes
  3 adder skeletons
  An adder zombie (D:7)
  3 worms
  5 giant geckos
  57 orcs
  4 ball pythons
  11 bats
  7 giant cockroaches
  8 hobgoblins
  17 kobolds
  2 quokkas
  7 giant newts
  6 goblins
  4 jackals (D:5)
  A jackal zombie (D:7)
  A quokka skeleton (D:9)
  9 rats
  2 fungi (D:10)
  2 plants
672 creatures vanquished.

Vanquished Creatures (others)
  A fire drake (Lair:5)
  3 basilisks (Lair:8)
  2 bushes (Lair:3)
  14 fungi
  10 plants
30 creatures vanquished.

Grand Total: 702 creatures vanquished

Notes
Turn   | Place    | Note
--------------------------------------------------------------
     0 | D:1      | karlm the Gargoyle Fighter began the quest for the Orb.
     0 | D:1      | Reached XP level 1. HP: 14/14 MP: 1/1
   126 | D:1      | Reached XP level 2. HP: 19/19 MP: 2/2
   388 | D:1      | Reached XP level 3. HP: 10/24 MP: 3/3
   856 | D:2      | Reached XP level 4. HP: 29/29 MP: 4/4
   949 | D:2      | Noticed Terence
  1301 | D:2      | Killed Terence
  1301 | D:2      | Reached skill level 4 in Fighting
  1372 | D:2      | Reached XP level 5. HP: 33/33 MP: 5/5
  1512 | D:3      | Found a snail-covered altar of Cheibriados.
  1776 | D:3      | Noticed Ijyb
  1809 | D:3      | Killed Ijyb
  1841 | D:3      | Reached XP level 6. HP: 35/39 MP: 6/6
  1924 | D:3      | Noticed Sigmund
  2056 | D:3      | Killed Sigmund
  2148 | D:3      | Found a deep blue altar of Sif Muna.
  2173 | D:3      | Reached XP level 7. HP: 44/44 MP: 7/7
  2209 | D:3      | Noticed Crazy Yiuf
  2215 | D:3      | Killed Crazy Yiuf
  2273 | D:4      | Reached skill level 5 in Maces & Flails
  2434 | D:4      | Reached skill level 5 in Shields
  2483 | D:4      | Found a basalt altar of Yredelemnul.
  2566 | D:4      | Noticed lorenzova's ghost (amateur DECj)
  2577 | D:4      | Killed lorenzova's ghost
  2577 | D:4      | Reached skill level 5 in Fighting
  2577 | D:4      | Reached skill level 5 in Armour
  2705 | D:4      | Reached XP level 8. HP: 13/49 MP: 8/8
  2984 | D:4      | Noticed Natasha
  2999 | D:4      | Killed Natasha
  3038 | D:4      | Reached skill level 6 in Maces & Flails
  3121 | D:4      | Found a blossoming altar of Fedhas.
  3155 | D:4      | Noticed Natasha
  3161 | D:4      | Killed Natasha
  3394 | D:5      | Entered Level 5 of the Dungeon
  3444 | D:5      | Noticed Menkaure
  3746 | D:5      | Killed Menkaure
  4154 | D:5      | Got a slimy flail
  4155 | D:5      | Identified the +2 flail of Desperation {crush, MP+9 Int+5} (You found it on level 5 of the Dungeon)
  4232 | D:5      | Noticed Dowan
  4249 | D:5      | Killed Dowan
  4255 | D:5      | Noticed Duvessa
  4269 | D:5      | Killed Duvessa
  4269 | D:5      | Reached skill level 7 in Maces & Flails
  4275 | D:5      | Found a sacrificial altar of Ru.
  4352 | D:5      | Noticed Grinder
  4360 | D:5      | Killed Grinder
  4360 | D:5      | Reached XP level 9. HP: 43/56 MP: 9/9
  4620 | D:6      | Found a shadowy altar of Dithmenos.
  4624 | D:6      | Noticed Natasha
  4641 | D:6      | Killed Natasha
  4756 | D:6      | Noticed Prince Ribbit
  4784 | D:6      | Killed Prince Ribbit
  4784 | D:6      | Reached skill level 8 in Maces & Flails
  5192 | D:6      | Found a shattered altar of Ashenzari.
  5495 | D:7      | Reached XP level 10. HP: 48/63 MP: 10/10
  5618 | D:7      | Found a staircase to the Ecumenical Temple.
  5683 | Temple   | Entered the Ecumenical Temple
  5873 | Temple   | Became a worshipper of Warmaster Okawaru
  5953 | D:7      | Found a sparkling altar of Nemelex Xobeh.
  6178 | D:7      | Reached skill level 9 in Maces & Flails
  6934 | D:8      | Reached * piety under Okawaru
  7405 | D:8      | Found a shimmering altar of Xom.
  7717 | D:8      | Identified a scroll of acquirement
  7800 | D:9      | Found a sacrificial altar of Ru.
  7903 | D:9      | Found Hischahue's Gadget Shoppe.
  8170 | D:9      | Reached ** piety under Okawaru
  8355 | D:9      | Reached skill level 10 in Maces & Flails
  8522 | D:10     | Entered Level 10 of the Dungeon
  8551 | D:10     | Found a staircase to the Lair.
  9031 | D:10     | Reached XP level 11. HP: 59/69 MP: 11/11
  9032 | D:10     | Reached *** piety under Okawaru
  9325 | Lair:1   | Entered Level 1 of the Lair of Beasts
  9488 | Lair:1   | Reached **** piety under Okawaru
  9528 | Lair:1   | Reached skill level 11 in Maces & Flails
  9638 | Lair:1   | Noticed septik's ghost (journeyman GrFi)
  9874 | Lair:1   | Killed septik's ghost
  9874 | Lair:1   | Reached ***** piety under Okawaru
  9940 | Lair:1   | Received a gift from Okawaru
 10128 | Lair:1   | Reached skill level 10 in Shields
 10794 | Lair:2   | Reached skill level 10 in Fighting
 10794 | Lair:2   | Reached XP level 12. HP: 69/77 MP: 12/12
 10819 | Lair:2   | Received a gift from Okawaru
 10854 | Lair:2   | Reached skill level 12 in Maces & Flails
 11006 | Lair:2   | Reached skill level 10 in Armour
 11213 | Lair:2   | Noticed Gastronok
 11235 | Lair:2   | Killed Gastronok
 11884 | Lair:3   | Received a gift from Okawaru
 12020 | Lair:3   | Reached skill level 13 in Maces & Flails
 12581 | Lair:4   | Reached XP level 13. HP: 61/84 MP: 13/13
 13750 | Lair:5   | Received a gift from Okawaru
 14400 | Lair:5   | Reached skill level 14 in Maces & Flails
 14472 | Lair:5   | Found a hole to the Spider Nest.
 14663 | Lair:5   | Reached ****** piety under Okawaru
 14810 | Lair:5   | Received a gift from Okawaru
 14841 | Lair:5   | Got a warped cloak {god gift}
 14859 | Lair:5   | Identified the -5 cloak of Uguc {+Fly rElec rF+} (Okawaru gifted it to you on level 5 of the Lair of Beasts)
 15449 | Lair:6   | Found a staircase to the Shoals.
 15564 | Lair:6   | Gained mutation: Your large and strong wings let you fly indefinitely. [Gargoyle growth]
 15564 | Lair:6   | Reached XP level 14. HP: 72/92 MP: 14/14
 15807 | Lair:7   | Noticed Maud
 15825 | Lair:7   | Killed Maud
 16052 | Lair:7   | Reached skill level 15 in Maces & Flails
 16198 | Lair:7   | Found a blossoming altar of Fedhas.
 16820 | Lair:8   | Entered Level 8 of the Lair of Beasts
 16827 | Lair:8   | Received a gift from Okawaru
 17905 | Lair:8   | Received a gift from Okawaru
 17959 | Lair:8   | Found a staircase to the Slime Pits.
 17970 | Lair:8   | Got a crude zirconium amulet
 18894 | Lair:1   | Identified the amulet of Quequcap {Faith -Tele Int+8 Stlth+} (You found it on level 8 of the Lair of Beasts)
 19357 | D:11     | Found a staircase to the Orcish Mines.
 19504 | D:11     | Received a gift from Okawaru
 20280 | D:12     | Received a gift from Okawaru
 20280 | D:12     | Reached skill level 16 in Maces & Flails
 20320 | D:12     | Reached XP level 15. HP: 95/97 MP: 15/15
 20345 | D:12     | Got a translucent ring mail
 20356 | D:12     | Identified the +3 ring mail "Myronk" {SInv} (You found it on level 12 of the Dungeon)
 20842 | D:13     | Noticed Rupert
 20857 | D:13     | Killed Rupert
 20880 | D:13     | Found a frozen archway.
 20888 | D:13     | Killed from afar by an ice statue

Action                   |  1- 3 |  4- 6 |  7- 9 | 10-12 | 13-15 || total
-------------------------+-------+-------+-------+-------+-------++-------
Melee: Flail             |   137 |    97 |   238 |   980 |   558 ||  2010
       Mace              |       |    94 |   226 |       |       ||   320
       Eveningstar       |       |       |       |       |   604 ||   604
Throw: Tomahawk          |       |       |       |       |     5 ||     5
Invok: Heroism           |       |       |       |     3 |     4 ||     7
 Abil: Fly               |       |       |       |       |     1 ||     1
  Use: Scroll            |       |       |     4 |    22 |     5 ||    31
 Stab: Confused          |       |       |       |       |     1 ||     1
  Eat: Chunk             |       |     5 |    11 |    30 |    21 ||    67
       Pizza             |       |       |       |     1 |     1 ||     2
       Bread ration      |       |       |       |     1 |       ||     1
       Meat ration       |       |       |       |       |     1 ||     1
